 Dungeon Crawl Stone Soup version 0.26.1-11-gd32895ea62 (webtiles) character file.

Game seed: 11825721721266713110

60 DildoBatman the Conjurer (level 4, -1/30 HPs)
             Began as a Formicid Conjurer on July 22, 2021.
             Slain by Terence
             ... wielding a cursed -2 mace
              (5 damage)
             ... on level 1 of the Dungeon.
             The game lasted 00:03:56 (1486 turns).

DildoBatman the Conjurer (Formicid Conjurer)        Turns: 1486, Time: 00:03:57

Health: -1/30      AC:  2    Str: 12    XL:     4   Next: 25%
Magic:  7/7        EV: 12    Int: 17    God:
Gold:   118        SH:  0    Dex: 10    Spells: 4/7 levels left

rFire    . . .     SeeInvis +   d - +0 dagger
rCold    . . .     Faith    .   (no shield)
rNeg     . . .     Spirit   .   a - +0 robe
rPois    .         Reflect  .   (helmet unavailable)
rElec    .         Harm     .   (no cloak)
rCorr    .         Rampage  .   (no gloves)
Will     .....                  (no boots)
Stlth    ++........             m - amulet of magic regeneration
HPRegen  0.10/turn              (no ring)
MPRegen  0.35/turn              (no ring)

@: no status effects
A: permanent stasis, dig shafts and tunnels, four strong arms, antennae 3
a: Dig, Shaft Self


You were on level 1 of the Dungeon.
You visited 1 branch of the dungeon, and saw 2 of its levels.

You collected 118 gold pieces.

Inventory:

Hand Weapons
 d - a +0 dagger (weapon)
Missiles
 e - 68 stones
 j - 23 bolts
 k - 15 poisoned darts
Armour
 a - a +0 robe (worn)
 n - a +0 ring mail of positive energy
Jewellery
 i - a cursed amulet of inaccuracy {unknown}
 m - an amulet of magic regeneration (around neck)
Scrolls
 b - 2 scrolls of teleportation {unknown}
 f - a scroll of magic mapping {unknown}
 g - 2 scrolls of identify {unknown}
 h - a scroll of amnesia {unknown}
Potions
 c - a potion of attraction {unknown}
 l - a potion of flight {unknown}
 o - a potion of heal wounds {unknown}
 p - a potion of degeneration {unknown}


   Skills:
 - Level 1.7 Dodging
 - Level 2.4 Stealth
 - Level 2.1 Spellcasting
 * Level 5.0 Conjurations


You had 4 spell levels left.
You knew the following spells:

 Your Spells              Type           Power        Failure   Level
a - Searing Ray           Conj           38%          3%          2
c - Magic Dart            Conj           76%          2%          1

Your spell library contained the following spells:

 Spells                   Type           Power        Failure   Level
 Dazzling Flash           Conj/Hex       20%          21%         3
 Fulminant Prism          Conj/Hex       5%           56%         4
 Iskenderun's Mystic Bla  Conj/Tloc      10%          56%         4


Dungeon Overview and Level Annotations

Branches:
Dungeon (2/15)

Altars:

Annotations:
D:1 Terence
D:2 1 exclusion, Jessica


Innate Abilities, Weirdness & Mutations

You cannot be hasted, slowed, berserked, paralysed or teleported.
You can dig through walls and to a lower floor.
Your four strong arms can wield two-handed weapons with a shield.
You have a pair of large antennae on your head. (SInv)


Message History

You shout for attention!
Terence barely misses you. What are your orders? t - Shout!
Orders for allies: a - Attack new target. r - Retreat! s - Stop attacking. g - Guard the area. f - Follow me.
Anything else - Cancel.
You shout for attention!
Terence asks, "Do you want it fast or slow?"
Terence closely misses you. What are your orders? t - Shout!
Orders for allies: a - Attack new target. r - Retreat! s - Stop attacking. g - Guard the area. f - Follow me.
Anything else - Cancel.
You shout for attention!
Terence hits you with a cursed -2 mace.
You die...

#.#
#.#####.##.####..##.
#.#
#.#####)##..........
#.#
#.....#.#######..##.
#.#
#.###...>........†.†
#.# #.#
###.########.... #.#
#.# #.# ###.. #.#
#.# #># #.. #.#
#.#####.# #.. #.#
#..@@...# #.. #.#
######.## #.. #.#
##.############..
#.#
#................
#.#
#.########..###.#
#.# #.# ###.###.#
#.#
####.#######....##.#
#.#
#........@...##.##.#
#.#
#.##.######..##.##.#


You could see Terence.

Vanquished Creatures
  2 adders (D:2)
  A worm (D:2)
  2 dart slugs
  2 leopard geckos (D:1)
  A giant cockroach (D:2)
  2 goblins (D:1)
  6 hobgoblins
  7 bats
  6 frilled lizards
  2 kobolds (D:2)
  A quokka skeleton (D:2)
  5 rats (D:1)
37 creatures vanquished.

Vanquished Creatures (others)
  A bat (D:2)
1 creature vanquished.

Grand Total: 38 creatures vanquished

Notes
Turn   | Place    | Note
-------+----------+-------------------------------------------
     0 | D:1      | DildoBatman the Formicid Conjurer began the quest for the
                  | Orb.
     0 | D:1      | Reached XP level 1. HP: 13/13 MP: 3/3
   187 | D:1      | Reached XP level 2. HP: 19/19 MP: 5/5
   190 | D:1      | Learned a level 2 spell: Searing Ray
   345 | D:1      | Reached skill level 4 in Conjurations
   685 | D:1      | Reached XP level 3. HP: 23/24 MP: 2/6
  1103 | D:2      | Noticed Terence
  1131 | D:2      | Found a faded altar of an unknown god.
  1334 | D:2      | Reached XP level 4. HP: 30/30 MP: 3/7
  1343 | D:2      | Reached skill level 5 in Conjurations
  1455 | D:2      | Noticed Jessica
  1486 | D:1      | Slain by Terence

Illustrated notes

Levels and vault maps discovered:
D:1:      dpeg_arrival_short_road, layout_loops_ring, minmay_pentomino_p2
D:2:      layout_basic, nicolae_gozag_seed_capital,
          chequers_ecumenical_altar_island, lemuel_old_faithful, uniq_jessica,
          uniq_terence

Skill      XL: |  1  2  3  4 |
---------------+-------------+-----
Conjurations   | 4 5 |  5.0
Dodging        | |  1.7
Stealth        | |  2.4
Spellcasting   | |  2.1

Action                   |  1- 3 |  4- 6 || total
-------------------------+-------+-------++-------
Melee: Dagger            |    24 |       ||    24
 Cast: Magic Dart        |    24 |     1 ||    25
       Searing Ray       |    12 |     3 ||    15
 Abil: Dig               |    10 |     3 ||    13
 Stab: Sleeping          |     5 |       ||     5
Armor: Robe              |    21 |       ||    21
Dodge: Dodged            |    49 |     6 ||    55
